 Dungeon Crawl Stone Soup version 0.28.0-43-g3370ac3207 (webtiles) character file.

Game seed: 15015472147672720563

205074 safid the Messiah (level 18, -40/176 HPs)
             Began as a Hill Orc Fighter on Mar 8, 2022.
             Was the Champion of Beogh.
             Killed from afar by a tengu reaver (41 damage)
             ... with a bolt of lightning
             ... on level 2 of the Vaults on Mar 9, 2022.
             The game lasted 01:48:37 (43111 turns).

safid the Messiah (Hill Orc Fighter)               Turns: 43111, Time: 01:48:37

Health: -40/176    AC: 18    Str: 45    XL:     18   Next: 67%
Magic:  32/32      EV: 10    Int:  8    God:    Beogh [******]
Gold:   1599       SH: 14    Dex: 10    Spells: 17/17 levels left

rFire   + . .      SeeInvis +   J - +6 broad axe (vorpal)
rCold   + + +      Faith    +   b - +2 kite shield {AC+3}
rNeg    . . .      Spirit   .   I - +2 scale mail {rF+}
rPois   +          Reflect  .   l - +4 helmet of Sufficient Music {*Slow rPois rC+++ rCorr}
rElec   .          Harm     .   f - +0 cloak
rCorr   +          Rampage  .   o - +2 pair of gloves of Pacas {Will+ Str+7}
Will    ++...                   U - +0 pair of boots
Stlth   ..........              n - amulet of faith
HPRegen 0.39/turn               y - +6 ring of strength
MPRegen 0.23/turn               j - ring "Suontiekk" {Str+5 SInv}

@: corroded
A: walk on water
}: 1/15 runes: serpentine
a: Renounce Religion, Smiting, Recall Orcish Followers, Give Item to Named
Follower, Resurrection


You were on level 2 of the Vaults.
You worshipped Beogh.
Beogh was exalted by your worship.
You visited 7 branches of the dungeon, and saw 31 of its levels.
You also visited: Sewer.

You collected 2946 gold pieces.
You spent 1347 gold pieces at shops.

Inventory:

Hand Weapons
 J - a +6 vorpal broad axe (weapon)
Missiles
 h - 52 poisoned darts (quivered)
 B - 2 curare-tipped darts
 E - a javelin
 H - 6 throwing nets
Armour
 b - a +2 kite shield of protection (worn)
 f - a +0 cloak (worn)
 l - the +4 helmet of Sufficient Music (worn) {*Slow rPois rC+++ rCorr}
   (You found it on level 2 of the Dungeon)

   rC:        It renders you almost immune to cold.
   rPois:     It protects you from poison.
   rCorr:     It protects you from acid and corrosion.
   *Slow:     It may slow you when you take damage.
 o - the +2 pair of gloves of Pacas (worn) {Will+ Str+7}
   (You acquired it on level 4 of the Snake Pit)

   Str:       It affects your strength (+7).
   Will:      It increases your willpower.
 I - a +2 scale mail of fire resistance (worn)
 U - a +0 pair of boots (worn)
Jewellery
 c - the amulet of Riusism {Reflect Fly rCorr Dex-3 SH+5}
   (You found it on level 15 of the Dungeon)

   [amulet of reflection]

   It reflects blocked missile attacks.
   Dex:       It affects your dexterity (-3).
   Fly:       It grants you flight.
   rCorr:     It protects you from acid and corrosion.
   SH:        It affects your SH (+5).
 j - the ring "Suontiekk" (right hand) {Str+5 SInv}
   (You bought it in a shop on level 2 of the Orcish Mines)

   [ring of see invisible]

   Str:       It affects your strength (+5).
   SInv:      It lets you see invisible.
 n - an amulet of faith (around neck)
 p - a ring of magical power
 y - a +6 ring of strength (left hand)
 K - a ring of fire
Wands
 s - a wand of digging (16)
 u - a wand of acid (10)
 w - a wand of flame (90)
 A - a wand of mindburst (8)
 D - a wand of polymorph (4)
 G - a wand of iceblast (15)
 N - a wand of charming (2)
 Q - a wand of paralysis (8)
Scrolls
 e - a scroll of amnesia
 i - 2 scrolls of fear
 k - 2 scrolls of silence
 m - 19 scrolls of teleportation
 r - 5 scrolls of holy word
 L - 4 scrolls of fog
 Y - a scroll of magic mapping
Potions
 a - a potion of flight
 d - a potion of might
 g - 6 potions of curing
 q - 3 potions of invisibility
 x - 4 potions of mutation
 z - 7 potions of heal wounds
 C - 5 potions of haste
 F - 2 potions of resistance
 O - 8 potions of ambrosia
 P - 3 potions of berserk rage
 R - 3 potions of lignification
 V - 3 potions of cancellation


   Skills:
 + Level 19.0 Fighting
 - Level 18.0 Axes
 - Level 12.0 Armour
 - Level 2.0 Dodging
 - Level 14.0 Shields
 + Level 21.7 Invocations
 - Level 12.0 Evocations


You had 17 spell levels left.
You didn't know any spells.
Your spell library contained the following spells:

 Spells                   Type           Power      Damage    Failure   Level
 Apportation              Tloc           0%         N/A       75%         1
 Foxfire                  Conj/Fire      0%         2x1d4     75%         1
 Slow                     Hex            0%         N/A       75%         1
 Confusing Touch          Hex            0%         N/A       98%         3
 Conjure Flame            Conj/Fire      0%         6-21      98%         3
 Dazzling Flash           Conj/Hex       0%         N/A       98%         3
 Gell's Gravitas          Tloc           0%         N/A       98%         3
 Ignite Poison            Fire/Tmut/Pois 0%         N/A       98%         3
 Inner Flame              Hex/Fire       0%         N/A       98%         3
 Mephitic Cloud           Conj/Pois/Air  0%         N/A       98%         3
 Summon Guardian Golem    Hex/Summ       0%         N/A       98%         3
 Teleport Other           Tloc           0%         N/A       98%         3
 Vampiric Draining        Necr           0%         2d6       98%         3
 Flame Wave               Conj/Fire      0%         2d4       100%        4
 Iskenderun's Mystic Bla  Conj/Tloc      0%         2d3       100%        4
 Leda's Liquefaction      Hex/Erth       0%         N/A       100%        4
 Petrify                  Tmut/Erth      0%         N/A       100%        4
 Summon Ice Beast         Ice/Summ       0%         N/A       100%        4
 Alistair's Intoxication  Tmut/Pois      0%         N/A       100%        5
 Freezing Cloud           Conj/Ice/Air   0%         6-21      100%        5
 Iskenderun's Battlesphe  Conj           0%         2d6       100%        5
 Lee's Rapid Deconstruct  Erth           0%         3d5*      100%        5
 Metabolic Englaciation   Hex/Ice        0%         N/A       100%        5
 Summon Mana Viper        Hex/Summ       0%         N/A       100%        5
 Dispersal                Tloc           0%         N/A       100%        6
 Iron Shot                Conj/Erth      0%         9d1       100%        6
 Starburst                Conj/Fire      0%         6d3       100%        6
 Statue Form              Tmut/Erth      0%         N/A       100%        6
 Monstrous Menagerie      Summ           0%         N/A       100%        7
 Orb of Destruction       Conj           0%         9d5       100%        7
 Spellforged Servitor     Conj/Summ      0%         N/A       100%        7


Dungeon Overview and Level Annotations

Branches:
Dungeon (15/15)            Temple (0/1) D:4            Lair (6/6) D:9
 Shoals (0/4) Lair:3        Snake (4/4) Lair:2        Slime (0/5) Lair:6
    Orc (2/2) D:12            Elf (1/3) Orc:2        Vaults (2/5) D:14
 Depths (1/4) D:15          Sewer (visited)
  Crypt: Vaults:2-3

Altars:
Cheibriados
Dithmenos
Fedhas
Hepliaklqana
Nemelex Xobeh
Uskayaw
Wu Jian
Xom
Zin
The Shining One
Beogh

Shops:
D:9 :   D:15 *   Orc:1 [   Orc:2 =!(   Snake:2 (   Snake:3 [

Portals:
Trove: D:12 (give 5 potions of resistance)

Annotations:
D:5 1 runed translucent door, Crazy Yiuf


Message History

Strange energies crackle from the ironbound thunderhulk's apparatus.
The ironbound thunderhulk blinks!
The yaktaur captain hits you but does no damage.
The tengu reaver blocks your attack.
Your attack snaps the tengu reaver out of its fear.
The tengu reaver is moderately wounded.
You slice the yaktaur captain!!
Cornered, the tengu reaver turns to fight!
Strange energies crackle from the ironbound thunderhulk's apparatus.
The ironbound thunderhulk blinks!
An ironbound preserver comes into view. It is wielding a +0 dire flail.
Argrim hits you with a +1 battleaxe!
* * * LOW HITPOINT WARNING * * *
You block the yaktaur captain's attack.
You slice the tengu reaver!!
The tengu reaver is severely wounded.
You slash the yaktaur captain!
The tengu reaver points at you and mumbles some strange words.
The bolt of acid hits you! You resist.
* * * LOW HITPOINT WARNING * * *
The acid corrodes you!
The bolt of acid hits Argrim!!!
Argrim seems to be corroded for longer.
Argrim dies!
Strange energies crackle from the ironbound thunderhulk's apparatus.
The ironbound thunderhulk blinks!
You feel much better.
The yaktaur captain hits you but does no damage.
The tengu reaver casts a spell at you. The bolt of cold hits you. You resist.
* * * LOW HITPOINT WARNING * * *
Strange energies crackle from the ironbound thunderhulk's apparatus.
The ironbound thunderhulk blinks!
You closely miss the tengu reaver.
The tengu reaver is severely wounded.
You slash the yaktaur captain! You block the yaktaur captain's attack.
The tengu reaver gestures at you while chanting.
The bolt of lightning hits you!!!
* * * LOW HITPOINT WARNING * * *
The bolt of lightning hits you!!!
You die...

#####'###################
.........................
.........................
...................p.....
..)......................
.........................
#################)#######
##..## #Q@).# #c..)#
'......'. ##!#..#.##$#
........# p.#..O§#... ..p
......... ......u......§


You could see an ironbound preserver, a red very ugly thing (fleeing), an
ironbound thunderhulk (fleeing), a tengu reaver, a yaktaur captain and 2 vault
sentinels.

Vanquished Creatures
  Jorgrun (D:14)
  Asterion (Snake:3)
  A tengu reaver (Vaults:2)
  3 nagarajas (Snake:4)
  4 vault wardens
  A frost giant (Vaults:2)
  A stone giant (D:15)
  2 ironbound preservers
  3 ironbound thunderhulks
  An entropy weaver (Vaults:1)
  Azrael (D:13)
  A crystal guardian (Vaults:1)
  6 dire elephants
  3 vault guards
  A yaktaur captain (Vaults:2)
  2 boulder beetles
  2 salamander tyrants (Snake:4)
  A peacekeeper (Vaults:1)
  7 anacondas
  9 naga warriors
  3 hydras
  A catoblepas (D:15)
  2 ogre magi (D:15)
  4 ironbound frosthearts
  5 centaur warriors (Vaults:2)
  9 two-headed ogres
  4 death yaks
  4 dancing weapons (Elf:1)
  2 orc high priests (Orc:2)
  3 shock serpents
  Nergalle (Lair:2)
  5 naga sharpshooters
  A deep elf knight (Elf:1)
  4 salamander mystics
  6 sea snakes
  9 deep trolls
  4 ironbound convokers
  A deep elf archer (Elf:1)
  2 necromancers
  2 deep elf pyromancers (Elf:1)
  A phantasmal warrior (Vaults:2)
  4 naga ritualists
  5 deep elf zephyrmancers
  4 wizards
  A wolf spider (Lair:1)
  11 mana vipers
  3 harpies (Vaults:2)
  2 lindwurms (Vaults:2)
  8 salamanders
  17 ugly things
  3 manticores
  2 guardian serpents (Snake:4)
  A cyclops (D:15)
  4 vault sentinels
  11 naga magi
  28 black mambas
  2 torpor snails (Lair:4)
  Maggie (D:9)
  2 efreet
  8 cane toads
  Psyche (D:8)
  A freezing wraith (D:15)
  5 komodo dragons
  A tengu conjurer (D:14)
  6 yaktaurs
  4 rime drakes
  6 trolls
  5 hornets
  A queen bee (D:10)
  Prince Ribbit (D:9)
  5 polar bears
  7 slime creatures
  6 blink frogs
  7 dream sheep (Lair:6)
  5 spriggans (Lair:6)
  A vampire (D:10)
  A shadow (D:11)
  A wraith (D:8)
  6 wyverns
  41 yaks
  2 fire elementals (D:13)
  2 basilisks
  4 wargs (Orc:2)
  2 steam dragons
  4 vampire mosquitoes
  7 water moccasins
  25 nagas
  2 hell hounds (D:13)
  7 orc warriors
  Duvessa (D:5)
  6 black bears
  2 ice beasts
  A swamp drake (D:12)
  A necrophage (D:5)
  13 centaurs
  3 boggarts (Lair:6)
  9 ogres
  26 wolves
  3 phantoms
  4 kobold brigands
  7 bullfrogs
  3 scorpions
  An earth elemental (Elf:1)
  A water moccasin zombie (D:5)
  Dowan (D:5)
  A water moccasin skeleton (D:6)
  32 killer bees
  3 wights (D:7)
  6 howler monkeys
  7 electric eels
  A bullfrog zombie (D:7)
  4 centaur zombies
  3 hounds
  4 jellies
  A bullfrog skeleton (D:5)
  8 orc priests
  A centaur skeleton (D:5)
  Terence (D:2)
  4 iguanas
  Natasha (twice) (D:3)
  7 orc wizards
  5 hell rats
  3 hound skeletons
  A howler monkey skeleton (D:7)
  8 adders
  A shadow imp (D:6)
  2 white imps
  2 ufetubi
  An adder skeleton (D:4)
  8 worms
  18 orcs
  12 ball pythons
  6 endoplasms
  5 giant cockroaches
  5 goblins
  5 hobgoblins
  6 jackals
  7 quokkas
  5 bats
  5 frilled lizards
  14 kobolds
  13 rats
  2 bushes (Lair:6)
708 creatures vanquished.

Vanquished Creatures (collateral kills)
  Agnes (Snake:4)
  4 nagarajas (Snake:4)
  An orc warlord (Orc:2)
  A vault warden (Vaults:1)
  A very ugly thing (D:15)
  3 ironbound preservers
  An ironbound thunderhulk (Vaults:2)
  A dire elephant (Vaults:2)
  2 great orbs of eyes
  Harold (D:9)
  7 naga warriors
  A rakshasa (D:13)
  3 hydras
  A boulder beetle (D:14)
  3 ironbound frosthearts (Vaults:1)
  2 vault guards
  8 two-headed ogres
  2 centaur warriors
  An anaconda (Snake:4)
  A tengu warrior (D:14)
  2 death yaks (Lair:3)
  An orc high priest (Orc:2)
  A naga sharpshooter (Snake:4)
  3 shock serpents (Snake:4)
  3 skeletal warriors (D:14)
  5 sea snakes (Snake:4)
  3 deep trolls
  3 naga ritualists
  2 ironbound convokers (Vaults:1)
  2 lindwurms (Vaults:1)
  A wizard (Vaults:1)
  2 harpies (Vaults:2)
  7 ugly things
  5 mana vipers
  8 salamanders (Snake:4)
  3 cyclopes
  2 manticores
  6 guardian serpents (Snake:4)
  11 naga magi
  A gargoyle (D:10)
  6 black mambas
  A vault sentinel (Vaults:2)
  7 cane toads
  6 komodo dragons
  2 rime drakes
  2 yaktaurs (Vaults:2)
  9 polar bears
  2 hornets
  A wind drake (Lair:3)
  3 blink frogs
  8 dream sheep (Lair:6)
  6 slime creatures
  8 spriggans (Lair:6)
  28 yaks
  A fire elemental (D:13)
  8 vampire mosquitoes
  A basilisk (D:14)
  A redback (Vaults:1)
  16 nagas
  9 water moccasins
  3 hell hounds (D:13)
  3 ogres
  6 orc warriors
  A boggart (Lair:6)
  21 wolves
  2 centaurs (D:14)
  3 bullfrogs
  6 killer bees
  2 howler monkeys (D:11)
  An electric eel (Snake:4)
  3 jellies (Lair:6)
  7 orc priests
  10 hell rats
  2 orc wizards
  4 orcs
  6 bushes
  A plant (Lair:6)
322 creatures vanquished.

Vanquished Creatures (others)
  2 orc warlords (Vaults:2)
  12 orc knights
  An anaconda (Snake:4)
  5 orc high priests
  A skeletal warrior (D:14)
  A wizard (Vaults:1)
  2 orc sorcerers (Snake:4)
  A salamander (Snake:4)
  10 orc warriors
  26 orc priests
  12 orc wizards
  An ufetubus (D:7)
  49 orcs
  117 fungi
  128 plants
368 creatures vanquished.

Grand Total: 1398 creatures vanquished

Notes
Turn   | Place    | Note
-------+----------+-------------------------------------------
     0 | D:1      | safid the Hill Orc Fighter began the quest for the Orb.
     0 | D:1      | Reached XP level 1. HP: 19/19 MP: 1/1
   315 | D:1      | Reached XP level 2. HP: 27/27 MP: 2/2
   511 | D:1      | Reached XP level 3. HP: 33/33 MP: 3/3
   774 | D:2      | Found a faded altar of an unknown god.
   972 | D:2      | Found a glowing silver altar of Zin.
  1062 | D:2      | Identified the +4 helmet of Sufficient Music {*Slow rPois
                  | rC+++ rCorr}
  1293 | D:2      | Reached XP level 4. HP: 38/40 MP: 4/4
  1313 | D:2      | Noticed Terence
  1320 | D:2      | Killed Terence
  1638 | D:3      | Reached skill level 5 in Axes
  1680 | D:3      | Reached XP level 5. HP: 46/46 MP: 5/5
  1720 | D:3      | Noticed Natasha
  1727 | D:3      | Killed Natasha
  1890 | D:3      | Found a blossoming altar of Fedhas.
  1915 | D:3      | Noticed Natasha
  1920 | D:3      | Killed Natasha
  1948 | D:3      | Reached XP level 6. HP: 52/52 MP: 6/6
  2272 | D:4      | Found a staircase to the Ecumenical Temple.
  2273 | D:4      | Became a worshipper of Beogh the Brigand
  2728 | D:5      | Entered Level 5 of the Dungeon
  2874 | D:5      | Reached XP level 7. HP: 38/59 MP: 7/7
  3112 | D:5      | Reached skill level 10 in Axes
  3167 | D:5      | Noticed Duvessa
  3176 | D:5      | Noticed Dowan
  3179 | D:5      | Reached XP level 8. HP: 62/66 MP: 8/8
  3187 | D:5      | Killed Duvessa
  3196 | D:5      | Reached * piety under Beogh
  3197 | D:5      | Killed Dowan
  3499 | D:5      | Found a shimmering altar of Xom.
  3935 | D:5      | Found a runed translucent door.
  3936 | D:5      | Noticed Crazy Yiuf
  4361 | D:6      | Reached XP level 9. HP: 65/71 MP: 9/9
  4425 | D:6      | Found a glowing drain.
  4432 | Sewer    | Entered a sewer
  5079 | D:6      | Reached skill level 15 in Axes
  5194 | D:6      | Reached ** piety under Beogh
  5936 | D:6      | Reached skill level 1 in Invocations
  5977 | D:6      | Reached skill level 1 in Evocations
  6155 | D:6      | Found a shadowy altar of Dithmenos.
  6364 | D:7      | Reached skill level 1 in Dodging
  6397 | D:7      | Reached skill level 2 in Invocations
  6485 | D:7      | Found a sparkling altar of Nemelex Xobeh.
  6486 | D:7      | Reached XP level 10. HP: 63/80 MP: 10/12
  6490 | D:7      | Reached skill level 5 in Fighting
  6490 | D:7      | Reached skill level 3 in Invocations
  7314 | D:8      | Reached skill level 4 in Invocations
  7578 | D:8      | Noticed Psyche
  7591 | D:8      | Killed Psyche
  7613 | D:8      | Reached *** piety under Beogh
  7619 | D:8      | Reached skill level 5 in Invocations
  7761 | D:8      | Found a glowing golden altar of the Shining One.
  8422 | D:9      | Found an ornate altar of the Wu Jian Council.
  8485 | D:9      | Found a hazy altar of Hepliaklqana.
  8494 | D:9      | Reached skill level 6 in Invocations
  8496 | D:9      | Noticed Prince Ribbit
  8498 | D:9      | Found a snail-covered altar of Cheibriados.
  8509 | D:9      | Killed Prince Ribbit
  8554 | D:9      | Found a hide-covered altar of Uskayaw.
  8616 | D:9      | Noticed Harold
  8633 | D:9      | Killed Harold
  8634 | D:9      | Reached skill level 7 in Invocations
  8634 | D:9      | Reached skill level 5 in Evocations
  8644 | D:9      | Noticed Maggie
  8650 | D:9      | Killed Maggie
  8655 | D:9      | Reached XP level 11. HP: 74/94 MP: 16/16
  9161 | D:9      | Found Qidaimp's Book Shop.
  9395 | D:9      | Found a staircase to the Lair.
  9572 | D:10     | Entered Level 10 of the Dungeon
  9732 | D:10     | Reached skill level 8 in Invocations
  9804 | D:10     | Noticed a two-headed ogre
  9812 | D:10     | Killed a two-headed ogre
  9812 | D:10     | Reached **** piety under Beogh
 10041 | D:10     | Gained Brandogh as an ally
 11208 | D:11     | Found a gate leading to a gauntlet.
 11254 | D:11     | Noticed a two-headed ogre
 11262 | D:11     | Killed a two-headed ogre
 11353 | D:11     | Noticed a two-headed ogre
 11357 | D:11     | Killed a two-headed ogre
 11358 | D:11     | Reached XP level 12. HP: 67/106 MP: 18/18
 11668 | D:11     | Reached skill level 10 in Fighting
 11983 | D:12     | Noticed a two-headed ogre
 11992 | D:12     | Killed a two-headed ogre
 12202 | D:12     | Found a portal to a secret trove of treasure.
 12924 | D:12     | Reached skill level 5 in Armour
 12936 | D:12     | Found a staircase to the Orcish Mines.
 13102 | Lair:1   | Entered Level 1 of the Lair of Beasts
 13166 | Lair:1   | Reached ***** piety under Beogh
 13270 | Lair:1   | Reached skill level 9 in Invocations
 14040 | Lair:1   | Reached skill level 10 in Invocations
 14958 | Lair:2   | Noticed Nergalle
 14968 | Lair:2   | Killed Nergalle
 14969 | Lair:2   | Reached XP level 13. HP: 117/117 MP: 19/21
 15021 | Lair:2   | Found a staircase to the Snake Pit.
 15437 | Lair:2   | Reached skill level 11 in Invocations
 16748 | Lair:3   | Reached skill level 12 in Invocations
 17416 | Lair:3   | Found a staircase to the Shoals.
 18154 | Lair:4   | Reached skill level 5 in Shields
 18154 | Lair:4   | Reached skill level 13 in Invocations
 18729 | Lair:4   | Reached XP level 14. HP: 90/130 MP: 23/23
 19612 | Lair:5   | Reached ****** piety under Beogh
 19892 | Lair:6   | Entered Level 6 of the Lair of Beasts
 20581 | Lair:6   | Found a staircase to the Slime Pits.
 20665 | Lair:6   | Gained Worak as an ally
 20678 | Lair:6   | Gained Ugbert as an ally
 21565 | Lair:4   | Identified the +0 scale mail of the Swan {rPois}
 21883 | D:13     | Reached skill level 14 in Invocations
 21889 | D:13     | Gained Argrim as an ally
 21889 | D:13     | Noticed Azrael
 21899 | D:13     | Killed Azrael
 21907 | D:13     | Gained Garbold as an ally
 22114 | D:13     | You fall into a shaft and drop 2 floors!
 22114 | D:15     | Entered Level 15 of the Dungeon
 22283 | D:15     | Reached skill level 10 in Armour
 22528 | D:14     | Reached XP level 15. HP: 114/139 MP: 25/25
 22954 | D:14     | Noticed Jorgrun
 22962 | D:14     | Killed Jorgrun
 22963 | D:14     | Reached skill level 10 in Evocations
 22971 | D:14     | Your ally Ugbert died
 23730 | Orc:1    | Entered Level 1 of the Orcish Mines
 23737 | Orc:1    | Found Laciorgh's Armour Emporium.
 23961 | Orc:2    | Entered Level 2 of the Orcish Mines
 24011 | Orc:2    | Found a staircase to the Elven Halls.
 24232 | Orc:2    | Noticed an orc warlord
 24240 | Orc:2    | Killed an orc warlord
 24606 | Orc:2    | Found Voocoh's Jewellery Boutique.
 24613 | Orc:2    | Bought the ring "Suontiekk" {Str+5 SInv} for 585 gold
                  | pieces
 24619 | Orc:2    | Found Joisanaa's Distillery.
 24624 | Orc:2    | Reached skill level 15 in Fighting
 24658 | Orc:2    | Bought a potion of cancellation for 96 gold pieces
 24658 | Orc:2    | Bought a potion of attraction for 36 gold pieces
 24658 | Orc:2    | Bought a potion of haste for 120 gold pieces
 24658 | Orc:2    | Bought a potion of brilliance for 48 gold pieces
 24703 | Orc:2    | Reached skill level 10 in Shields
 24749 | Orc:2    | Found Gaoriaz's Magic Scroll Emporium.
 24793 | Orc:2    | Found Nodug's Weapon Boutique.
 24810 | Orc:2    | Bought the +4 shortbow of Broken Luck {vorpal, rElec} for
                  | 462 gold pieces
 24828 | Orc:2    | Found a roughly hewn altar of Beogh.
 25212 | Snake:1  | Entered Level 1 of the Snake Pit
 26561 | Snake:1  | Reached skill level 15 in Invocations
 29063 | Snake:2  | Found Sixodd's Firing Range.
 29331 | Snake:2  | Gained Bogbrand as an ally
 29383 | Snake:2  | Gained Brandogh as an ally
 29384 | Snake:2  | Reached XP level 16. HP: 139/149 MP: 27/27
 29593 | Snake:2  | Your ally Brandogh died
 30984 | Snake:3  | Found Byitwuh's Armour Shoppe.
 31024 | Snake:3  | Identified the +8 morningstar of Zahatot {flame, +Blink
                  | rElec rC+ Will-}
 31411 | Snake:3  | Noticed Asterion
 31416 | Snake:3  | Killed Asterion
 32219 | Snake:4  | Entered Level 4 of the Snake Pit
 32251 | Snake:4  | Your ally Garbold died
 32254 | Snake:4  | Your ally Worak died
 32256 | Snake:4  | Gained Worak as an ally
 32257 | Snake:4  | Your ally Brandogh died
 32260 | Snake:4  | Gained Bolgrim as an ally
 32282 | Snake:4  | Reached skill level 16 in Invocations
 32340 | Snake:4  | Your ally Bolgrim died
 32673 | Snake:4  | Gained Margrim as an ally
 32677 | Snake:4  | Your ally Margrim died
 32683 | Snake:4  | Your ally Worak died
 32686 | Snake:4  | Noticed a nagaraja
 32688 | Snake:4  | Killed a nagaraja
 32695 | Snake:4  | Identified a scroll of acquirement
 32695 | Snake:4  | Acquired the +2 pair of gloves of Pacas {Will+ Str+7}
 33050 | Snake:4  | Gained Norbak as an ally
 33053 | Snake:4  | Killed Agnes
 33061 | Snake:4  | Your ally Bogbrand died
 33616 | Snake:4  | Gained Orgrim as an ally
 33829 | Snake:4  | Noticed a nagaraja
 33833 | Snake:4  | Killed a nagaraja
 33888 | Snake:4  | Noticed a nagaraja
 33890 | Snake:4  | Killed a nagaraja
 34078 | Snake:4  | Noticed a nagaraja
 34082 | Snake:4  | Killed a nagaraja
 34083 | Snake:4  | Reached XP level 17. HP: 131/158 MP: 16/29
 34114 | Snake:4  | Reached skill level 17 in Invocations
 34472 | Snake:4  | Got a serpentine rune of Zot
 35901 | D:14     | Found a gate to the Vaults.
 36007 | D:15     | Reached skill level 18 in Invocations
 36448 | D:15     | Found a staircase to the Depths.
 37185 | D:15     | Found Ebuicurgh's Overcharged Wands.
 37277 | D:15     | Identified the amulet of Riusism {Reflect Fly rCorr Dex-3
                  | SH+5}
 37553 | Depths:1 | Entered Level 1 of the Depths
 37560 | D:15     | Reached skill level 19 in Invocations
 37881 | Elf:1    | Entered Level 1 of the Elven Halls
 37890 | Elf:1    | Gained Borgoth as an ally
 38229 | Elf:1    | Paralysed by an air elemental for 1 turns
 38236 | Elf:1    | Your ally Borgoth died
 38247 | Orc:2    | HP: 7/159 [poisoned by a +0 dire flail of venom]
 38790 | Vaults:1 | Entered Level 1 of the Vaults
 39935 | Vaults:1 | Reached XP level 18. HP: 105/171 MP: 31/31
 39941 | Vaults:1 | Reached skill level 20 in Invocations
 41872 | Vaults:2 | Reached skill level 21 in Invocations
 43103 | Vaults:2 | Your ally Orgrim died
 43109 | Vaults:2 | Your ally Argrim died
 43111 | Vaults:2 | HP: 1/176 [tengu reaver/bolt of lightning (40)]
 43111 | Vaults:2 | Killed from afar by a tengu reaver

Illustrated notes

Levels and vault maps discovered:
D:1:      dpeg_arrival_round_c, layout_rooms
D:2:      layout_loops_ring, basic_altar, serial_glass, glass_columns_c,
          glass_columns_a, glass_columns_a, glass_columns_b, glass_columns_b,
          hellmonk_ecumenical_altar_heavens_door, uniq_terence
D:3:      layout_basic, fedhas_altar_3, minmay_misc_feat_chi,
          minmay_misc_feat_rugged, minmay_fractal_squares_gapless_5,
          uniq_natasha
D:4:      layout_basic, minmay_temple_entry_large_hall
D:5:      layout_rooms, mainiacjoe_overflow_chevrons, grunt_ministairs_15,
          uniq_crazy_yiuf_cottage, uniq_duvessa
D:6:      minmay_clustersquares, layout_loops_corners, grunt_dithmenos_shadows,
          portal_sewer_entry_e
D:7:      layout_loops_ring, mainiacjoe_overflow_cross_hatched
D:8:      minmay_chambers_of_fours, layout_cave_pods,
          mainiacjoe_overflow_tiny_flanked, uniq_psyche
D:9:      layout_loops_ring, grunt_temple_overflow_open,
          nzn_wu_jian_council_hall, david_lair_shrubbed, serial_shops,
          nicolae_shop_trees, uniq_harold, uniq_prince_ribbit1, uniq_maggie
D:10:     layout_roguey [special_room_bee]
D:11:     layout_gridville, gauntlet_entry_generic, kennysheep_generic_room_2
D:12:     layout_cave_pods, erik_orc_1, enter_trove_6
D:13:     layout_rooms, uniq_azrael
D:14:     layout_cave_pods, david_vaults_1, minmay_misc_feat_columns,
          uniq_jorgrun
D:15:     grunt_enter_depths_giant_problem, layout_basic, roderic_lattice_a,
          nicolae_shop_overcharged_wands
Lair:1:   layout_gridlike, nicolae_lair_run_with_the_wolves,
          serial_bayou_shore_a, infiniplex_staircase_pool_2
Lair:2:   layout_hall_layers, minmay_snake_entry_guardpost_large,
          lemuel_fruit_tree, uniq_nergalle
Lair:3:   layout_small_grid, minmay_shoals_entry_beasts, minivault_23,
          grunt_megastairs_1, serial_bayou_shore_b
Lair:4:   layout_regular_city, beast_lair_carwin_10
Lair:5:   layout_roguey, grunt_forest_small_clearings
Lair:6:   minmay_lair_end_enchanted_forest, layout_gridlike,
          minmay_slime_entry_pillars
Snake:1:  layout_rooms, serial_bayou_ford_a, drop_trap
Snake:2:  layout_chambers, nicolae_shop_firing_range
Snake:3:  layout_gridlike, serial_shops, nicolae_stop_n_shop_2,
          hangedman_snake_pattern, uniq_asterion
Snake:4:  grunt_snake_rune_pools, layout_onion_interference,
          serial_bayou_pond_c, nicolae_snake_bzzzt, uniq_agnes
Orc:1:    layout_caves, serial_shops, shop_coins, nicolae_orc_pool_cavern,
          uniq_sonja
Orc:2:    st_orc_town, layout_diamond_mine
Elf:1:    minmay_elf_arrival_circle, layout_loops_cross, minmay_elf_sorcery,
          nicolae_elf_big_sculpture_1, roderic_three_in_a_row,
          palyth_stone_intersect, st_stairs_5
Vaults:1: hangedman_vaults_cutoff, v_misc_5, v_misc_19,
          nicolae_vaults_quartermaster, nicolae_vaults_circle_grid_a,
          nicolae_vaults_little_squares_2, nicolae_vaults_ring_of_whatevers,
          nicolae_vaults_gold_heap, layout_vaults_quadrants
Vaults:2: st_quartered_hall, v_rooms_4, v_misc_32, vaults_room_fours, v_misc_27,
          ontoclasm_vaults_decontamination, nicolae_vaults_big_angled_halls,
          ontoclasm_vaults_chip, nicolae_vaults_little_squares_3,
          nicolae_vaults_mini_display_case, layout_vaults_ring, serial_shops,
          nicolae_shop_stone, uniq_bai_suzhen
Depths:1: layout_honeycomb, enter_ziggurat_e, vehumet_crystals,
          pf_dread_powers_of_hell, hangedman_stitches_earthworm

Skill      XL: |  1  2  3  4  5  6  7  8  9 10 11 12 13 14 15 16 17 18 |
---------------+-------------------------------------------------------+-----
Axes           | 3 5 6 8 10 13 16 17 18 | 18.0
Fighting       | 4 7 9 11 13 14 15 16 17 19 | 19.0
Shields        | 4 5 8 11 13 14 | 14.0
Armour         | 4 7 8 10 11 12 | 12.0
Invocations    | 2 7 8 10 13 14 15 16 19 21 | 21.7
Evocations     | 2 5 7 8 9 10 11 12 | 12.0
Dodging        | 1 2 |  2.0

Action                   |  1- 3 |  4- 6 |  7- 9 | 10-12 | 13-15 | 16-18 || total
-------------------------+-------+-------+-------+-------+-------+-------++-------
Melee: War axe           |   107 |   141 |   344 |   154 |       |       ||   746
       Broad axe         |       |       |       |   334 |   835 |   669 ||  1838
Throw: Throwing net      |       |       |       |       |       |     1 ||     1
       Dart              |       |       |       |       |       |     2 ||     2
       Javelin           |       |       |       |       |       |     1 ||     1
Invok: Convert to Beogh  |       |     1 |       |       |       |       ||     1
       Recall Orcish Fol |       |       |       |     4 |    10 |     3 ||    17
       Smiting           |       |       |       |       |    12 |    36 ||    48
       Give Item to Name |       |       |       |       |     1 |     4 ||     5
Evoke: Wand              |       |       |       |       |       |     1 ||     1
  Use: Scroll            |       |       |     8 |     5 |     8 |    15 ||    36
       Potion            |       |       |     1 |       |     5 |     9 ||    15
 Stab: Distracted        |       |       |       |     2 |     3 |     9 ||    14
       Petrified         |       |       |       |       |       |     5 ||     5
       Held in net/web   |       |       |       |       |       |     1 ||     1
Armor: Scale mail        |    64 |    83 |   134 |   142 |   288 |   305 ||  1016
       Chain mail        |       |       |    39 |    46 |       |       ||    85
       Skin              |       |       |       |     1 |       |       ||     1
Dodge: Dodged            |    54 |    73 |   114 |   217 |   267 |   202 ||   927
Block: Buckler           |    24 |    35 |    58 |   102 |    47 |       ||   266
       Kite shield       |       |       |       |       |   253 |   399 ||   652
